 Dungeon Crawl Stone Soup version 0.29-a0-330-g52719c12eb (webtiles) character file.

Game seed: 11285007589378048743

160 HoaS the Bolt Thrower (level 5, 0/38 HPs)
             Began as a Formicid Hunter on May 17, 2022.
             Slain by Duvessa
             ... wielding a +0 short sword
              (8 damage)
             ... on level 4 of the Dungeon.
             The game lasted 00:09:09 (3800 turns).

HoaS the Bolt Thrower (Formicid Hunter)             Turns: 3800, Time: 00:09:10

Health: 0/38       AC:  5    Str: 16    XL:     5   Next: 69%
Magic:  5/5        EV: 11    Int:  8    God:
Gold:   254        SH:  0    Dex: 16    Spells: 4/4 levels left

rFire   . . .      SeeInvis +   a - +1 hand crossbow
rCold   . . .      Faith    .   (no shield)
rNeg    . . .      Spirit   .   f - +0 ring mail
rPois   .          Reflect  .   (helmet unavailable)
rElec   .          Harm     .   (no cloak)
rCorr   .          Rampage  .   (no gloves)
Will    .....                   (no boots)
Stlth   +.........              (no amulet)
HPRegen 0.12/turn               (no ring)
MPRegen 0.09/turn               (no ring)

@: no status effects
A: permanent stasis, dig shafts and tunnels, antennae 3, four strong arms
a: Dig, Shaft Self


You were on level 4 of the Dungeon.
You visited 2 branches of the dungeon, and saw 5 of its levels.

You collected 254 gold pieces.

Inventory:

Hand Weapons
 a - a +1 hand crossbow (weapon)
Armour
 f - a +0 ring mail (worn)
Wands
 k - a wand of acid (10)
Scrolls
 c - a scroll of immolation
 j - a scroll of fear {unknown}
 l - a scroll of fog {unknown}
Potions
 d - a potion of brilliance {unknown}
 g - a potion of lignification {unknown}
 i - a potion of curing {unknown}


   Skills:
 - Level 2.1 Fighting
 * Level 6.5 Crossbows
 - Level 1.7 Dodging
 - Level 1.2 Stealth


You had 4 spell levels left.
You didn't know any spells.
Your spell library contained the following spells:

 Spells                   Type           Power      Damage    Failure   Level
 Ignite Poison            Fire/Tmut/Pois 0%         N/A       94%         3
 Mephitic Cloud           Conj/Pois/Air  0%         N/A       94%         3
 Freezing Cloud           Conj/Ice/Air   0%         6-21      100%        5


Dungeon Overview and Level Annotations

Branches:
Dungeon (4/15)             Temple (1/1) D:4

Altars:
Ashenzari
Cheibriados
Dithmenos
Elyvilon
Fedhas
Gozag
Hepliaklqana
Kikubaaqudgha
Nemelex Xobeh
Okawaru
Qazlal
Ru
Sif Muna
Trog
Uskayaw
Vehumet
Wu Jian
Xom
Yredelemnul
Zin
The Shining One

Shops:
D:3 **

Annotations:
D:4 Dowan, Duvessa


Innate Abilities, Weirdness & Mutations

You cannot be hasted, slowed, berserked, paralysed or teleported.
You can dig through walls and to a lower floor.
You have a pair of large antennae on your head. (SInv)
Your four strong arms can wield two-handed weapons with a shield.


Message History

Shoot: a) +1 hand crossbow
Press: ? - help, Q - select action, (/) - cycle Shift-Dir - straight line, f - Duvessa
Aim: Duvessa, wielding a +0 short sword and wearing a +0 chain mail (fast, 76% to hit)
You shoot a bolt. The bolt hits Duvessa.
Duvessa is lightly wounded.
Duvessa barely misses you.
Duvessa says, "My weaknesses are his strengths!"
Duvessa hits you with a +0 short sword.
* * * LOW HITPOINT WARNING * * *
You feel much better. Duvessa hits you with a +0 short sword.
Duvessa hits you with a +0 short sword!
Okay, then.
You feel much better. Duvessa hits you with a +0 short sword.
Shoot: a) +1 hand crossbow
Press: ? - help, Q - select action, (/) - cycle Shift-Dir - straight line, f/p - Duvessa
Aim: Duvessa, wielding a +0 short sword and wearing a +0 chain mail (lightly wounded, fast, 76% to hit)
You shoot a bolt. The bolt hits Duvessa!
Duvessa is moderately wounded.
Duvessa hits you with a +0 short sword! Duvessa completely misses you.
Shoot: a) +1 hand crossbow
Press: ? - help, Q - select action, (/) - cycle Shift-Dir - straight line, f/p - Duvessa
Aim: Duvessa, wielding a +0 short sword and wearing a +0 chain mail (moderately wounded, fast, 76% to hit)
You shoot a bolt. The bolt barely misses Duvessa.
Duvessa hits you with a +0 short sword. Duvessa barely misses you.
Shoot: a) +1 hand crossbow
Press: ? - help, Q - select action, (/) - cycle Shift-Dir - straight line, f/p - Duvessa
Aim: Duvessa, wielding a +0 short sword and wearing a +0 chain mail (moderately wounded, fast, 76% to hit)
You shoot a bolt.
The bolt hits Duvessa but does no damage.
Duvessa is moderately wounded.
Duvessa hits you with a +0 short sword. Duvessa completely misses you.
Shoot: a) +1 hand crossbow
Press: ? - help, Q - select action, (/) - cycle Shift-Dir - straight line, f/p - Duvessa
Aim: Duvessa, wielding a +0 short sword and wearing a +0 chain mail (moderately wounded, fast, 76% to hit)
You shoot a bolt. The bolt hits Duvessa!
Duvessa is heavily wounded.
Duvessa hits you with a +0 short sword!
* * * LOW HITPOINT WARNING * * *
Duvessa hits you with a +0 short sword!
You die...

.:..e ...#. ...###
#.....
#####.##.##..#..# #
#.....#.........#
#.##....#...>..#...
#.............##
####....####{.##
##(.######e.#
###...##..@#..#
#........#......#
#.#.###.#######....
#.#.# #.# ##...
#.#.# # .. #.#.. >
#)### #<# ###


You could see Duvessa (fast).

Vanquished Creatures
  An orc wizard (D:3)
  An iguana (D:3)
  2 adders
  A gnoll (D:3)
  A worm (D:3)
  2 dart slugs (D:2)
  4 orcs
  3 ball pythons
  3 bats
  4 endoplasms
  A giant cockroach (D:1)
  10 goblins
  7 hobgoblins
  5 jackals
  2 quokkas
  3 frilled lizards
  10 kobolds
  6 rats
66 creatures vanquished.

Notes
Turn   | Place    | Note
-------+----------+-------------------------------------------
     0 | D:1      | HoaS the Formicid Hunter began the quest for the Orb.
     0 | D:1      | Reached XP level 1. HP: 16/16 MP: 1/1
   128 | D:1      | Reached XP level 2. HP: 22/22 MP: 2/2
   488 | D:1      | Reached XP level 3. HP: 27/27 MP: 3/3
   757 | D:2      | Reached skill level 5 in Crossbows
  1184 | D:2      | Reached XP level 4. HP: 33/33 MP: 4/4
  1899 | D:3      | Reached XP level 5. HP: 30/38 MP: 5/5
  1965 | D:3      | Found a faded altar of an unknown god.
  1989 | D:3      | Reached skill level 6 in Crossbows
  2194 | D:3      | Found Peyjoar's Assorted Antiques.
  2205 | D:3      | Found Loopogu's General Store.
  2642 | D:4      | Found a staircase to the Ecumenical Temple.
  2928 | Temple   | Entered the Ecumenical Temple
  3444 | D:4      | Noticed Duvessa
  3444 | D:4      | Noticed Dowan
  3448 | D:4      | Noticed a black bear
  3800 | D:4      | Slain by Duvessa

Illustrated notes

Levels and vault maps discovered:
D:1:      dpeg_arrival_brainrot, layout_loops_ring,
          wander_ebering_terrifying_dragon_lair
D:2:      minmay_spotlight, layout_loops_ring, hex_tiny, lemuel_flame_loot_1
D:3:      layout_loops_ring, shapermc_ecumenical_altar_pompeii, serial_shops,
          shop_fountains, shop
D:4:      layout_basic, minmay_temple_entry_wispy,
          hangedman_abyss_or_decor_jellyfish_corner, minmay_misc_feat_room,
          uniq_duvessa, uniq_menkaure
Temple:   mainiacjoe_temple_trianglar_array

Skill      XL: |  1  2  3  4  5 |
---------------+----------------+-----
Crossbows      | 5 6 |  6.5
Fighting       | |  2.1
Dodging        | |  1.7
Stealth        | |  1.2

Action                   |  1- 3 |  4- 6 || total
-------------------------+-------+-------++-------
 Fire: Hand crossbow     |    76 |    96 ||   172
 Abil: Dig               |       |     3 ||     3
  Use: Scroll            |     2 |     2 ||     4
       Potion            |       |     2 ||     2
Armor: Leather armour    |     4 |       ||     4
       Ring mail         |     3 |     7 ||    10
Dodge: Dodged            |    15 |    26 ||    41

Table legend: (Time is in decaauts)
 A = Elapsed time spent in this place.
 B = Non-inter-level travel time spent in this place.
 C = Inter-level travel time spent in this place.
 D = Time resting spent in this place.
 E = Time spent auto-exploring this place.
 F = Levels seen in this place.
 G = Mean time per level.
                   A        B        C        D        E       F      G
               +--------+--------+--------+--------+--------+-----+--------+
         Total |   3854 |   3626 |    228 |    929 |   2240 |   5 |  770.8 |
       Dungeon |   3009 |   2919 |     90 |    598 |   1872 |   4 |  752.2 |
        Temple |    845 |    707 |    138 |    331 |    368 |   1 |  845.0 |
               +--------+--------+--------+--------+--------+-----+--------+

Top non-repeatable levels by time:
     D:3: 1210 daAuts
     D:2: 935 daAuts
  Temple: 845 daAuts
     D:1: 764 daAuts
     D:4: 99 daAuts
